TOP OF THE 1ST |
Pittsburgh Pirates batting - Pitching for St. Louis Cardinals : LHP Steve Cooper
|
Pitching: LHP Steve Cooper
|
|
Batting: RHB Andrew Robinson
|
0-0: Swinging Strike 0-1: Ball 1-1: Foul Ball, location: 2F 1-2: Ball 2-2: Fly out, F8 (Flyball, 8RD, EV 99.4 MPH)
|
Batting: RHB Jeckel Hester
|
0-0: Ball 1-0: Ball 2-0: Ball 3-0: Base on Balls
|
Batting: RHB Eisse Bravenboer
|
0-0: Grounds into double play, 4-6-3 (Groundball, 4, EV 106.3 MPH)
|
Top of the 1st over - 0 runs, 0 hits, 0 errors, 0 left on base; Pittsburgh 0 - St. Louis 0 |
BOTTOM OF THE 1ST |
St. Louis Cardinals batting - Pitching for Pittsburgh Pirates : RHP Isaburo Ishihara
|
Pitching: RHP Isaburo Ishihara
|
|
Batting: RHB Rick O'Reilly
|
0-0: Called Strike 0-1: Fly out, F9 (Line Drive, 9S, EV 91.9 MPH)
|
Batting: LHB Zack Berney
|
0-0: Ball 1-0: SINGLE (Groundball, 4MS, EV 68.1 MPH) (infield hit)
|
Batting: SHB Antoine Roux
|
0-0: Called Strike 0-1: SINGLE (Groundball, 34D, EV 96.9 MPH) Zack Berney to second Runner from 2nd tries for 3rd, SAFE, throw by RF made to third
|
Batting: RHB Eric Chotkowski
|
0-0: Called Strike 0-1: Swinging Strike 0-2: Ball 1-2: Strikes out swinging
|
Batting: LHB Ben Rubenacker
|
0-0: Foul Ball, location: 2F 0-1: Ball 1-1: Swinging Strike 1-2: Ground out 4-3 (Groundball, 4, EV 86.3 MPH)
|
Bottom of the 1st over - 0 runs, 2 hits, 0 errors, 2 left on base; Pittsburgh 0 - St. Louis 0 |
TOP OF THE 2ND |
Pittsburgh Pirates batting - Pitching for St. Louis Cardinals : LHP Steve Cooper
|
Batting: RHB Tommie Eaton
|
0-0: Ground out U3 (Groundball, 34, EV 100.6 MPH)
|
Batting: RHB Mike Bates
|
0-0: Ball 1-0: Ball 2-0: Swinging Strike 2-1: Ball 3-1: Called Strike 3-2: Ground out 6-3 (Groundball, 6, EV 79.4 MPH)
|
Batting: SHB Marvin McAleer
|
0-0: Called Strike 0-1: Ball 1-1: Swinging Strike 1-2: Foul Ball, location: 2F 1-2: Ball 2-2: Strikes out swinging
|
Top of the 2nd over - 0 runs, 0 hits, 0 errors, 0 left on base; Pittsburgh 0 - St. Louis 0 |
BOTTOM OF THE 2ND |
St. Louis Cardinals batting - Pitching for Pittsburgh Pirates : RHP Isaburo Ishihara
|
Batting: RHB Jason Gress
|
0-0: Ball 1-0: Called Strike 1-1: Foul Ball, location: 2F 1-2: Ball 2-2: Strikes out swinging
|
Batting: RHB Sergio Godinez
|
0-0: Hit by Pitch
|
Batting: RHB Branden Cavalcante
|
0-0: Foul Ball, location: 2F 0-1: Grounds into double play, 5-4-3 (Groundball, 56S, EV 81.9 MPH)
|
Bottom of the 2nd over - 0 runs, 0 hits, 0 errors, 0 left on base; Pittsburgh 0 - St. Louis 0 |
TOP OF THE 3RD |
Pittsburgh Pirates batting - Pitching for St. Louis Cardinals : LHP Steve Cooper
|
Batting: RHB Raul Mendoza
|
0-0: Called Strike 0-1: Foul Ball, location: 2F 0-2: Strikes out looking
|
Batting: RHB Mike Thornton
|
0-0: Swinging Strike 0-1: Ball 1-1: SOLO HOME RUN (Flyball, 8RXD, EV 101.9 MPH), Distance : 416 ft
|
Batting: RHB Lupe Covarrubias
|
0-0: Called Strike 0-1: Foul Ball, location: 2F 0-2: Ball 1-2: Ball 2-2: Ball 3-2: Foul Ball, location: 2F 3-2: Ground out 5-3 (Groundball, 5, EV 79.4 MPH)
|
Batting: RHB Andrew Robinson
|
0-0: Foul Ball, location: 2F 0-1: Ball 1-1: Ball 2-1: Ball 3-1: Foul Ball, location: 2F 3-2: Ground out 4-3 (Groundball, 4, EV 96.3 MPH)
|
Top of the 3rd over - 1 run, 1 hit, 0 errors, 0 left on base; Pittsburgh 1 - St. Louis 0 |
BOTTOM OF THE 3RD |
St. Louis Cardinals batting - Pitching for Pittsburgh Pirates : RHP Isaburo Ishihara
|
Batting: RHB Dustin Clark
|
0-0: Swinging Strike 0-1: Ball 1-1: Swinging Strike 1-2: Foul Ball, location: 2F 1-2: Strikes out swinging
|
Batting: RHB Rick O'Reilly
|
0-0: Ball 1-0: Foul Ball, location: 2F 1-1: Called Strike 1-2: Foul Ball, location: 2F 1-2: Strikes out swinging
|
Batting: LHB Zack Berney
|
0-0: SINGLE (Groundball, 6S, EV 58.8 MPH) (infield hit)
|
Batting: SHB Antoine Roux
|
0-0: Foul Ball, location: 2F 0-1: Fly out, F6 (Flyball, 56D, EV 78.8 MPH)
|
Bottom of the 3rd over - 0 runs, 1 hit, 0 errors, 1 left on base; Pittsburgh 1 - St. Louis 0 |
TOP OF THE 4TH |
Pittsburgh Pirates batting - Pitching for St. Louis Cardinals : LHP Steve Cooper
|
Batting: RHB Jeckel Hester
|
0-0: SOLO HOME RUN (Line Drive, 9D, EV 105.6 MPH), Distance : 384 ft
|
Batting: RHB Eisse Bravenboer
|
0-0: Swinging Strike 0-1: Foul Ball, location: 2F 0-2: Strikes out looking
|
Batting: RHB Tommie Eaton
|
0-0: Ball 1-0: Ball 2-0: SINGLE (Line Drive, 9S, EV 95.0 MPH)
|
Batting: RHB Mike Bates
|
0-0: Ball 1-0: Foul Ball, location: 2F 1-1: Ball 2-1: Foul Ball, location: 2F 2-2: Foul Ball, location: 2F 2-2: Grounds into double play, 4-6-3 (Groundball, 34, EV 88.1 MPH)
|
Top of the 4th over - 1 run, 2 hits, 0 errors, 0 left on base; Pittsburgh 2 - St. Louis 0 |
BOTTOM OF THE 4TH |
St. Louis Cardinals batting - Pitching for Pittsburgh Pirates : RHP Isaburo Ishihara
|
Batting: RHB Eric Chotkowski
|
0-0: Ball 1-0: Swinging Strike 1-1: Ball 2-1: Foul Ball, location: 2F 2-2: Ball 3-2: Ground out 6-3 (Groundball, 6, EV 83.1 MPH)
|
Batting: LHB Ben Rubenacker
|
0-0: Swinging Strike 0-1: SINGLE (Groundball, 6S, EV 73.1 MPH) (infield hit)
|
Batting: RHB Jason Gress
|
0-0: Swinging Strike 0-1: Ball 1-1: Foul Ball, location: 2F 1-2: Strikes out looking
|
Batting: RHB Sergio Godinez
|
0-0: Fly out, F8 (Line Drive, 8RD, EV 90.0 MPH)
|
Bottom of the 4th over - 0 runs, 1 hit, 0 errors, 1 left on base; Pittsburgh 2 - St. Louis 0 |
TOP OF THE 5TH |
Pittsburgh Pirates batting - Pitching for St. Louis Cardinals : LHP Steve Cooper
|
Batting: SHB Marvin McAleer
|
0-0: Swinging Strike 0-1: Ball 1-1: Ball 2-1: Foul Ball, location: 2F 2-2: SINGLE (Groundball, 56D, EV 101.9 MPH)
|
Batting: RHB Raul Mendoza
|
0-0: Called Strike 0-1: Foul Ball, location: 2F 0-2: Hit by Pitch Marvin McAleer to second
|
Batting: RHB Mike Thornton
|
0-0: Ball 1-0: Called Strike 1-1: Fly out, F4 (Popup, 4S, EV 65.6 MPH)
|
Batting: RHB Lupe Covarrubias
|
0-0: Called Strike Marvin McAleer steals 3rd base 0-1: Ball 1-1: Fly out, F9 (Flyball, 89D, EV 95.6 MPH) Runner from 3rd tags up, SCORES, no throw by RF
|
Batting: RHB Andrew Robinson
|
0-0: SINGLE (Groundball, 4MD, EV 95.6 MPH) Raul Mendoza to second Runner from 2nd tries for 3rd, OUT! 8-5
|
Top of the 5th over - 1 run, 2 hits, 0 errors, 1 left on base; Pittsburgh 3 - St. Louis 0 |
BOTTOM OF THE 5TH |
St. Louis Cardinals batting - Pitching for Pittsburgh Pirates : RHP Isaburo Ishihara
|
Batting: RHB Branden Cavalcante
|
0-0: Ball 1-0: Called Strike 1-1: Fly out, F8 (Line Drive, 8LD, EV 103.8 MPH)
|
Batting: RHB Dustin Clark
|
0-0: Ball 1-0: Ball 2-0: Called Strike 2-1: Foul Ball, location: 2F 2-2: Ball 3-2: Strikes out swinging
|
Batting: RHB Rick O'Reilly
|
0-0: Foul Ball, location: 2F 0-1: Ball 1-1: Ball 2-1: Foul Ball, location: 2F 2-2: Strikes out looking
|
Bottom of the 5th over - 0 runs, 0 hits, 0 errors, 0 left on base; Pittsburgh 3 - St. Louis 0 |
TOP OF THE 6TH |
Pittsburgh Pirates batting - Pitching for St. Louis Cardinals : LHP Steve Cooper
|
Batting: RHB Jeckel Hester
|
0-0: Ball 1-0: Foul Ball, location: 2F 1-1: Ball 2-1: Ground out 6-3 (Groundball, 6M, EV 98.8 MPH)
|
Batting: RHB Eisse Bravenboer
|
0-0: SINGLE (Groundball, 34D, EV 99.4 MPH) (infield hit)
|
Batting: RHB Tommie Eaton
|
0-0: Called Strike 0-1: Fly out, F8 (Flyball, 78D, EV 93.8 MPH)
|
Batting: RHB Mike Bates
|
0-0: Fly out, F5 (Line Drive, 5, EV 69.4 MPH)
|
Top of the 6th over - 0 runs, 1 hit, 0 errors, 1 left on base; Pittsburgh 3 - St. Louis 0 |
BOTTOM OF THE 6TH |
St. Louis Cardinals batting - Pitching for Pittsburgh Pirates : RHP Isaburo Ishihara
|
Batting: LHB Zack Berney
|
0-0: Ball 1-0: Called Strike 1-1: Ball 2-1: Foul Ball, location: 2F 2-2: Foul Ball, location: 2F 2-2: Strikes out looking
|
Batting: SHB Antoine Roux
|
0-0: SINGLE (Groundball, 4M, EV 98.1 MPH) (infield hit)
|
Batting: RHB Eric Chotkowski
|
0-0: Ball 1-0: Ball 2-0: Foul Ball, location: 2F 2-1: Ball 3-1: Grounds into double play, 5-4-3 (Groundball, 56, EV 85.0 MPH)
|
Bottom of the 6th over - 0 runs, 1 hit, 0 errors, 0 left on base; Pittsburgh 3 - St. Louis 0 |
TOP OF THE 7TH |
Pittsburgh Pirates batting - Pitching for St. Louis Cardinals : LHP Steve Cooper
|
Batting: SHB Marvin McAleer
|
0-0: Foul Ball, location: 2F 0-1: Swinging Strike 0-2: Ball 1-2: Ground out 4-3 (Groundball, 4, EV 96.3 MPH)
|
Batting: RHB Raul Mendoza
|
0-0: Ball 1-0: Called Strike 1-1: Ball 2-1: Foul Ball, location: 2F 2-2: Foul Ball, location: 2F 2-2: Ball 3-2: Fly out, F6 (Popup, 6MD, EV 53.8 MPH)
|
Batting: RHB Mike Thornton
|
0-0: Ball 1-0: Called Strike 1-1: Ball 2-1: Foul Ball, location: 2F 2-2: Ground out 1-3 (Groundball, 15S, EV 63.8 MPH)
|
Top of the 7th over - 0 runs, 0 hits, 0 errors, 0 left on base; Pittsburgh 3 - St. Louis 0 |
BOTTOM OF THE 7TH |
St. Louis Cardinals batting - Pitching for Pittsburgh Pirates : RHP Isaburo Ishihara
|
Batting: LHB Ben Rubenacker
|
0-0: Foul Ball, location: 2F 0-1: Swinging Strike 0-2: Fly out, F7 (Flyball, 7, EV 97.5 MPH)
|
Batting: RHB Jason Gress
|
0-0: Ball 1-0: Called Strike 1-1: Fly out, F7 (Flyball, 78XD, EV 99.4 MPH)
|
Batting: RHB Sergio Godinez
|
0-0: Foul Ball, location: 2F 0-1: Ball 1-1: Ball 2-1: Foul Ball, location: 2F 2-2: Strikes out swinging
|
Bottom of the 7th over - 0 runs, 0 hits, 0 errors, 0 left on base; Pittsburgh 3 - St. Louis 0 |
TOP OF THE 8TH |
Pittsburgh Pirates batting - Pitching for St. Louis Cardinals : LHP Steve Cooper
|
Pitching: RHP Josh Weinmann
|
|
Batting: RHB Lupe Covarrubias
|
0-0: Foul Ball, location: 2F 0-1: Swinging Strike 0-2: Ball 1-2: Strikes out swinging
|
Batting: RHB Andrew Robinson
|
0-0: Called Strike 0-1: Called Strike 0-2: Ball 1-2: Strikes out looking
|
Batting: RHB Jeckel Hester
|
0-0: Ball 1-0: Fly out, F9 (Flyball, 89S, EV 94.4 MPH)
|
Top of the 8th over - 0 runs, 0 hits, 0 errors, 0 left on base; Pittsburgh 3 - St. Louis 0 |
BOTTOM OF THE 8TH |
St. Louis Cardinals batting - Pitching for Pittsburgh Pirates : RHP Isaburo Ishihara
|
Batting: RHB Branden Cavalcante
|
0-0: Ground out 5-3 (Groundball, 15, EV 85.6 MPH)
|
Batting: RHB Dustin Clark
|
0-0: Called Strike 0-1: Swinging Strike 0-2: Strikes out looking
|
Batting: RHB Rick O'Reilly
|
0-0: Called Strike 0-1: Ball 1-1: Foul Ball, location: 2F 1-2: Ball 2-2: Ball 3-2: Ground out 4-3 (Groundball, 4M, EV 78.8 MPH)
|
Bottom of the 8th over - 0 runs, 0 hits, 0 errors, 0 left on base; Pittsburgh 3 - St. Louis 0 |
TOP OF THE 9TH |
Pittsburgh Pirates batting - Pitching for St. Louis Cardinals : RHP Josh Weinmann
|
Batting: RHB Eisse Bravenboer
|
0-0: Called Strike 0-1: Ground out 5-3 (Groundball, 56S, EV 83.8 MPH)
|
Batting: RHB Tommie Eaton
|
0-0: Foul Ball, location: 2F 0-1: Foul Ball, location: 2F 0-2: Ball 1-2: Strikes out swinging
|
Batting: RHB Mike Bates
|
0-0: Ball 1-0: Foul Ball, location: 2F 1-1: Ball 2-1: Ball 3-1: Base on Balls
|
Batting: SHB Marvin McAleer
|
0-0: Ball 1-0: Ball 2-0: Fly out, F7 (Flyball, 78M, EV 91.9 MPH)
|
Top of the 9th over - 0 runs, 0 hits, 0 errors, 1 left on base; Pittsburgh 3 - St. Louis 0 |
BOTTOM OF THE 9TH |
St. Louis Cardinals batting - Pitching for Pittsburgh Pirates : RHP Isaburo Ishihara
|
Pitching: RHP Steve Grier
|
|
Batting: LHB Zack Berney
|
0-0: Ball 1-0: Called Strike 1-1: Called Strike 1-2: Foul Ball, location: 2F 1-2: Foul Ball, location: 2F 1-2: Ball 2-2: Ball 3-2: Foul Ball, location: 2F 3-2: Strikes out swinging
|
Batting: SHB Antoine Roux
|
0-0: Ball 1-0: Swinging Strike 1-1: SINGLE (Groundball, 34D, EV 93.8 MPH)
|
Batting: RHB Eric Chotkowski
|
0-0: Ball 1-0: Foul Ball, location: 2F 1-1: Ball 2-1: Foul Ball, location: 2F 2-2: SINGLE (Flyball, 34D, EV 85.6 MPH) Antoine Roux to second
|
Batting: LHB Ben Rubenacker
|
0-0: Called Strike 0-1: Called Strike 0-2: Ball 1-2: Ball 2-2: Ball 3-2: Foul Ball, location: 2F 3-2: SINGLE (Groundball, 25, EV 68.8 MPH) (infield hit) Antoine Roux to third Eric Chotkowski to second
|
Batting: RHB Jason Gress
|
0-0: Called Strike 0-1: Foul Ball, location: 2F 0-2: Ball 1-2: Ball 2-2: Strikes out swinging
|
Batting: RHB Sergio Godinez
|
0-0: Ball 1-0: Ball 2-0: Called Strike 2-1: Swinging Strike 2-2: Strikes out swinging
|
Bottom of the 9th over - 0 runs, 3 hits, 0 errors, 3 left on base; Pittsburgh 3 - St. Louis 0 |
|